 Dungeon Crawl Stone Soup version 0.29-a0-451-gfbfa42419e (webtiles) character file.

Game seed: 2374978352934676283

14 Bruhh the Chiller (level 2, 19/19 HPs)
             Began as a Barachi Ice Elementalist on May 19, 2022.
             Was a Follower of Kikubaaqudgha.
             Quit the game on level 1 of the Dungeon.
             The game lasted 00:01:08 (672 turns).

Bruhh the Chiller (Barachi Ice Elementalist)         Turns: 672, Time: 00:01:08

Health: 19/19      AC:  2    Str:  9    XL:     2   Next: 45%
Magic:  6/6        EV: 12    Int: 15    God:    Kikubaaqudgha [*.....]
Gold:   19         SH:  0    Dex: 12    Spells: 6/7 levels left

rFire   . . .      SeeInvis .   (no weapon)
rCold   . . .      Faith    .   (no shield)
rNeg    . . .      Spirit   .   a - +0 robe
rPois   .          Reflect  .   (no helmet)
rElec   .          Harm     .   (no cloak)
rCorr   .          Rampage  .   (no gloves)
Will    .....                   (no boots)
Stlth   ++........              (no amulet)
HPRegen 0.06/turn               (no ring)
MPRegen 0.10/turn               (no ring)

@: slow
A: amphibious, slowness 1, strong legs 1, +LOS
a: Hop, Renounce Religion, Unearth Wretches


You were on level 1 of the Dungeon.
You worshipped Kikubaaqudgha.
Kikubaaqudgha was aware of your devotion.
You visited 1 branch of the dungeon, and saw 1 of its levels.

You collected 19 gold pieces.

Inventory:

Armour
 a - a +0 robe (worn)
Scrolls
 c - a scroll of poison {unknown}
 f - a scroll of blinking {unknown}
 g - a scroll of enchant weapon {unknown}
Potions
 d - a potion of curing {unknown}
 e - a potion of heal wounds {unknown}


   Skills:
 - Level 2.1 Dodging
 - Level 1.7 Stealth
 + Level 3.0 Spellcasting
 - Level 5.0 Ice Magic


You had 6 spell levels left.
You knew the following spells:

 Your Spells              Type           Power      Damage    Failure   Level
a - Freeze                Ice            68%        1d8       2%          1

Your spell library contained the following spells:

 Spells                   Type           Power      Damage    Failure   Level
 Frozen Ramparts          Ice            34%        1d5       8%          3
 Ozocubu's Armour         Ice            17%        N/A       8%          3
 Necrotize                Necr           8%         1d4       21%         1
 Sublimation of Blood     Necr           2%         N/A       30%         2
 Hailstorm                Conj/Ice       9%         3d4       56%         4
 Anguish                  Hex/Necr       1%         N/A       89%         4
 Animate Dead             Necr           2%         N/A       89%         4


Dungeon Overview and Level Annotations

Branches:
Dungeon (1/15)

Altars:
Kikubaaqudgha


Innate Abilities, Weirdness & Mutations

You are amphibious.
You cover ground slowly.
You can hop short distances.
You have an extended range of vision and can be seen from far away.


Message History

The ball python closely misses you. The dart slug closely misses you.
Casting: Freeze (safe; 2% risk of failure)
Confirm with . or Enter, or press ? or * to list all spells.
Aiming: Freeze (safe; 2% risk of failure)
Press: ? - help, Shift-Dir - straight line, f - ball python
Aim: a ball python (moderately wounded)
You freeze the ball python.
You kill the ball python!
Casting: Freeze (safe; 2% risk of failure)
Confirm with . or Enter, or press ? or * to list all spells.
Aiming: Freeze (safe; 2% risk of failure)
Press: ? - help, Shift-Dir - straight line, f - dart slug
Aim: a dart slug You freeze the dart slug.
The dart slug is severely wounded.
The dart slug closely misses you.
Casting: Freeze (safe; 2% risk of failure)
Confirm with . or Enter, or press ? or * to list all spells.
Aiming: Freeze (safe; 2% risk of failure)
Press: ? - help, Shift-Dir - straight line, f/p - dart slug
Aim: a dart slug (severely wounded)
You freeze the dart slug!
You kill the dart slug!
Your Spellcasting skill increases to level 3!
There is a faded altar of an unknown god here.
You see here a +0 dagger.
You cannot tell which god this altar belongs to.
Convert to them anyway?
Kikubaaqudgha accepts your prayer! Kikubaaqudgha welcomes you!
You can now bring forth the wretched and dying.
Kikubaaqudgha grants you a gift!
You add the spells Necrotize, Sublimation of Blood, Anguish and Animate Dead to your library.
Key pressed, stopping explore.
Things that are here:
a +0 dagger; a kobold skeleton A goblin comes into view.
It is wielding a +0 club.
A goblin is nearby!
A goblin is nearby!
Unknown command.
Are you sure you want to abandon this character and quit the game? (Confirm with "yes".)

#########
####........
#..@.# #..#..##
#### #g ##..#
#..## # ##..##
##..## #
#....###....##
#
#.#...#...#..##
#
####.....###..#
##._)## ##.#
#.รท...####.##


You could see a goblin (asleep).

Vanquished Creatures
  A dart slug (D:1)
  4 ball pythons (D:1)
  A giant cockroach (D:1)
  A goblin (D:1)
  A quokka (D:1)
  A bat (D:1)
  2 kobolds (D:1)
  A rat (D:1)
12 creatures vanquished.

Notes
Turn   | Place    | Note
-------+----------+-------------------------------------------
     0 | D:1      | Bruhh the Barachi Ice Elementalist began the quest for the
                  | Orb.
     0 | D:1      | Reached XP level 1. HP: 13/13 MP: 3/3
   136 | D:1      | Reached skill level 5 in Ice Magic
   224 | D:1      | Reached XP level 2. HP: 10/19 MP: 3/5
   383 | D:1      | Found a faded altar of an unknown god.
   416 | D:1      | Prayed at the altar of an unknown god.
   416 | D:1      | Became a worshipper of Kikubaaqudgha
   416 | D:1      | Reached * piety under Kikubaaqudgha
   416 | D:1      | Received a gift from Kikubaaqudgha
   672 | D:1      | Quit the game

Illustrated notes

Levels and vault maps discovered:
D:1:      eino_arrival_tree_alley, layout_loops_ring,
          nicolae_ecumenical_snake_handling

Skill      XL: |  1  2 |
---------------+-------+-----
Ice Magic      | 5 |  5.0
Spellcasting   | 3 |  3.0
Dodging        | |  2.1
Stealth        | |  1.7

Action                   || total
-------------------------++-------
Melee: Unarmed           ||     2
 Cast: Freeze            ||    15
  Use: Potion            ||     1
Armor: Robe              ||     4
Dodge: Dodged            ||    15

Table legend: (Time is in decaauts)
 A = Elapsed time spent in this place.
 B = Non-inter-level travel time spent in this place.
 C = Inter-level travel time spent in this place.
 D = Time resting spent in this place.
 E = Time spent auto-exploring this place.
 F = Levels seen in this place.
 G = Mean time per level.
                   A        B        C        D        E       F      G
               +--------+--------+--------+--------+--------+-----+--------+
         Total |    705 |    705 |      0 |      0 |    644 |   1 |  705.0 |
       Dungeon |    705 |    705 |      0 |      0 |    644 |   1 |  705.0 |
               +--------+--------+--------+--------+--------+-----+--------+

Top non-repeatable levels by time:
     D:1: 705 daAuts
